 Dungeon Crawl Stone Soup version 0.28.0 (webtiles) character file.

Game seed: 1775195470199809425

1597 Kaptain the Digger (level 8, -8/48 HPs)
             Began as a Gargoyle Earth Elementalist on Feb 7, 2022.
             Mangled by an ogre (23 damage)
             ... on level 6 of the Dungeon.
             The game lasted 00:16:55 (6413 turns).

Kaptain the Digger (Gargoyle Earth Elementalist)    Turns: 6413, Time: 00:16:56

Health: -8/48      AC: 14    Str: 12    XL:     8   Next: 93%
Magic:  6/15       EV: 12    Int: 18    God:
Gold:   303        SH:  0    Dex: 10    Spells: 7/16 levels left

rFire   . . .      SeeInvis .   e - staff of conjuration
rCold   . . .      Faith    .   (no shield)
rNeg    + . .      Spirit   .   d - +0 leather armour
rPois   ∞          Reflect  .   b - +1 helmet
rElec   +          Harm     .   (no cloak)
rCorr   .          Rampage  .   r - +1 pair of gloves
Will    .....                   f - +0 pair of boots
Stlth   ++........              (no amulet)
HPRegen 0.16/turn               (no ring)
MPRegen 0.14/turn               (no ring)

@: no status effects
A: sickness immunity, AC +5, negative energy resistance 1, electricity
resistance, torment resistance 1, petrification resistance
a: no special abilities


You were on level 6 of the Dungeon.
You visited 1 branch of the dungeon, and saw 6 of its levels.

You collected 1227 gold pieces.
You spent 924 gold pieces at shops.

Inventory:

Hand Weapons
 h - a +0 spectral short sword
 s - a +0 dagger of venom
Armour
 b - a +1 helmet (worn)
 d - a +0 leather armour (worn)
 f - a +0 pair of boots (worn)
 r - a +1 pair of gloves (worn)
Magical Staves
 e - a staff of conjuration (weapon)
Jewellery
 a - a ring of magical power
Wands
 v - a wand of polymorph (2)
Scrolls
 c - a scroll of acquirement
 k - 2 scrolls of enchant armour
 l - a scroll of identify
 m - 2 scrolls of magic mapping
 o - 2 scrolls of fear
 p - a scroll of blinking
Potions
 g - a potion of brilliance
 i - a potion of attraction {unknown}
 j - a potion of curing
 q - a potion of lignification


   Skills:
 + Level 3.6 Fighting
 + Level 3.6 Armour
 + Level 3.2 Dodging
 + Level 4.5 Stealth
 * Level 4.7 Spellcasting
 * Level 4.9 Conjurations
 - Level 0.7 Transmutations
 * Level 6.9 Earth Magic


You had 7 spell levels left.
You knew the following spells:

 Your Spells              Type           Power      Damage    Failure   Level
a - Sandblast             Erth           58%        2d13      1%          1
b - Stone Arrow           Conj/Erth      76%        3d11      4%          3
c - Fireball              Conj/Fire      9%         3d6       87%         5

Your spell library contained the following spells:

 Spells                   Type           Power      Damage    Failure   Level
 Passwall                 Tmut/Erth      15%        N/A       5%          2
 Foxfire                  Conj/Fire      76%        2x1d7     6%          1
 Animate Skeleton         Necr           8%         N/A       17%         1
 Apportation              Tloc           8%         N/A       17%         1
 Summon Small Mammal      Summ           16%        N/A       17%         1
 Conjure Flame            Conj/Fire      19%        6-21      19%         3
 Ensorcelled Hibernation  Hex/Ice        8%         N/A       26%         2
 Petrify                  Tmut/Erth      18%        N/A       34%         4
 Leda's Liquefaction      Hex/Erth       8%         N/A       38%         4
 Ignite Poison            Fire/Tmut/Pois 5%         N/A       43%         3
 Call Canine Familiar     Summ           4%         N/A       45%         3
 Inner Flame              Hex/Fire       4%         N/A       45%         3
 Ozocubu's Armour         Ice            4%         N/A       45%         3
 Portal Projectile        Hex/Tloc       8%         N/A       45%         3
 Flame Wave               Conj/Fire      19%        2d6       54%         4
 Hailstorm                Conj/Ice       19%        3d6       54%         4
 Sticky Flame             Conj/Fire      19%        2d4       54%         4
 Freezing Cloud           Conj/Ice/Air   7%         6-21      94%         5
 Ozocubu's Refrigeration  Ice            2%         4d5       100%        7


Dungeon Overview and Level Annotations

Branches:
Dungeon (6/15)
 Temple: D:4-7

Altars:
Nemelex Xobeh
Wu Jian
Yredelemnul
Zin

Shops:
D:4 ?

Annotations:
D:5 Grinder


Innate Abilities, Weirdness & Mutations

You are immune to sickness and miasma.
Your stone body is resilient. (AC +5)
You are immune to poison.
You resist negative energy. (rN+)
You are resistant to electric shocks. (rElec)
You are resistant to unholy torment.
You are immune to petrification.


Message History

There is a stone staircase leading up here.
An ice beast comes into view.
Found a giant spiked club.
Okay, then.
You feel much better.
The ufetubus shouts!
The ufetubus hits you but does no damage. x2
The ufetubus barely misses you. x2; The ufetubus closely misses you.
The ufetubus barely misses you. The ufetubus hits you.
The ufetubus hits you but does no damage.
The ufetubus hits you. The ufetubus completely misses you.
Casting: Stone Arrow (dangerous; 4% risk of failure)
Confirm with . or Enter, or press ? or * to list all spells.
You don't have any stones to cast with.
Unknown command.
Unknown command.
Casting: Sandblast (safe; 1% risk of failure)
Confirm with . or Enter, or press ? or * to list all spells.
Aiming: Stone Arrow (dangerous; 4% risk of failure)
Press: ? - help, Shift-Dir - straight line, f - ufetubus
Aim: an ufetubus (57% to hit)
You feel a surge of power!
The stone arrow hits the ufetubus!!
You kill the ufetubus!
Casting: Stone Arrow (dangerous; 4% risk of failure)
Confirm with . or Enter, or press ? or * to list all spells.
Aiming: Stone Arrow (dangerous; 4% risk of failure)
Press: ? - help, Shift-Dir - straight line, f - ogre
Aim: an ogre, wielding a +0 giant spiked club (88% to hit)
You feel a surge of power!
The stone arrow hits the ogre!
The ogre is heavily wounded.
Casting: Stone Arrow (dangerous; 4% risk of failure)
Confirm with . or Enter, or press ? or * to list all spells.
Aiming: Stone Arrow (dangerous; 4% risk of failure)
Press: ? - help, Shift-Dir - straight line, f/p - ogre
Aim: an ogre, wielding a +0 giant spiked club (heavily wounded, 88% to hit)
You feel a surge of power!
The stone arrow hits the ogre!
The ogre is almost dead.
The ogre hits you with a +0 giant spiked club!!
You die...

.......... ..PPPP.._
....... #....# #...#
###..### ###...<..###
#.######...#......##
#...@O....##........#
#######....#........#
#...............
#.......#.###...
#.........# ...
#..........# ..
............#
.###.###.###.# ...
... ..


You could see an ogre.

Vanquished Creatures
  Pikel (D:5)
  A troll (D:5)
  Sigmund (D:5)
  Eustachio (D:4)
  A black bear (D:5)
  2 phantoms (D:4)
  A hound (D:4)
  A gnoll shaman (D:5)
  2 orc priests
  An iguana (D:5)
  3 orc wizards
  A hound skeleton (D:4)
  A howler monkey zombie (D:5)
  4 gnolls (D:5)
  A howler monkey skeleton (D:4)
  An adder (D:4)
  A white imp (D:5)
  2 ufetubi
  An adder skeleton (D:4)
  2 dart slugs (D:1)
  25 orcs
  5 ball pythons
  4 bats
  8 endoplasms
  10 hobgoblins
  2 jackals (D:1)
  5 quokkas
  3 frilled lizards
  7 goblins
  4 kobolds
  8 rats
110 creatures vanquished.

Notes
Turn   | Place    | Note
-------+----------+-------------------------------------------
     0 | D:1      | Kaptain the Gargoyle Earth Elementalist began the quest for
                  | the Orb.
     0 | D:1      | Reached XP level 1. HP: 10/10 MP: 3/3
   199 | D:1      | Reached XP level 2. HP: 14/15 MP: 3/5
   431 | D:1      | Reached skill level 4 in Earth Magic
   436 | D:1      | Reached XP level 3. HP: 20/20 MP: 3/6
   442 | D:1      | Learned a level 3 spell: Stone Arrow
   614 | D:1      | Reached skill level 1 in Armour
   887 | D:2      | Reached skill level 1 in Fighting
  1391 | D:2      | Identified a scroll of acquirement
  1391 | D:2      | Acquired 1049 gold pieces
  1899 | D:3      | Reached XP level 4. HP: 25/25 MP: 5/7
  2215 | D:3      | Found an ornate altar of the Wu Jian Council.
  2388 | D:3      | Got the Volume of the Nexus
  2500 | D:3      | Found a sparkling altar of Nemelex Xobeh.
  2675 | D:3      | Found a faded altar of an unknown god.
  2697 | D:3      | Reached skill level 1 in Conjurations
  2743 | D:2      | Reached XP level 5. HP: 23/29 MP: 0/9
  3172 | D:4      | Got Ceoceykaf's Catalogue of the Frostbite
  3195 | D:4      | Found Otuar's Magic Scroll Shoppe.
  3374 | D:4      | Noticed Eustachio
  3512 | D:4      | Killed Eustachio
  3513 | D:4      | Reached XP level 6. HP: 24/35 MP: 1/10
  3814 | D:4      | Reached skill level 5 in Earth Magic
  3852 | D:4      | Bought a scroll of acquirement for 728 gold pieces
  3852 | D:4      | Bought a scroll of fear for 49 gold pieces
  3852 | D:4      | Bought a scroll of teleportation for 42 gold pieces
  3852 | D:4      | Bought a scroll of blinking for 105 gold pieces
  3906 | D:4      | Learned a level 5 spell: Fireball
  4180 | D:4      | Reached XP level 7. HP: 40/40 MP: 4/12
  4822 | D:5      | Entered Level 5 of the Dungeon
  5224 | D:5      | Noticed Sigmund
  5231 | D:5      | Killed Sigmund
  5468 | D:5      | Noticed Grinder
  5477 | D:5      | Reached XP level 8. HP: 41/45 MP: 10/13
  5482 | D:5      | Reached skill level 6 in Earth Magic
  5489 | D:5      | Noticed Grinder
  5489 | D:5      | Grinder changed into Grinder the chaos spawn
  5490 | D:5      | Noticed Grinder
  5490 | D:5      | Grinder the chaos spawn changed into Grinder the red devil
  5504 | D:5      | Noticed Grinder
  5504 | D:5      | Grinder the red devil changed into Grinder the smoke demon
  5762 | D:5      | Noticed Pikel
  5766 | D:5      | Killed Pikel
  5830 | D:5      | Found a basalt altar of Yredelemnul.
  5908 | D:5      | Noticed a troll
  5913 | D:5      | Killed a troll
  6396 | D:5      | HP: 1/48 [Grinder the smoke demon/divine providence (9)]
  6397 | D:6      | Found a glowing silver altar of Zin.
  6413 | D:6      | Mangled by an ogre

Illustrated notes

Levels and vault maps discovered:
D:1:      tarquinn_simple_flora_water_e, layout_basic, serial_glass,
          glass_columns_a, glass_columns_b, hangedman_decor_lopped
D:2:      layout_basic
D:3:      layout_basic, nemelex_dance_club_becter, mainiacjoe_overflow_24_doors,
          hellmonk_ecumenical_altar_pennies_from_heaven
D:4:      cheibrodos_quashed, layout_basic, serial_shops,
          nicolae_shop_temple_entry_statues_fountains, uniq_eustachio
D:5:      layout_basic, kennysheep_mini_moat, skrybe_limestone_x, uniq_grinder,
          uniq_pikel, uniq_sigmund
D:6:      layout_cave_pools, mainiacjoe_overflow_boulevard,
          nicolae_qazlal_style_of_elements, mainiacjoe_overflow_paths,
          nicolae_concentric_dashed_squares_mild, fountainhead, uniq_maggie

Skill      XL: |  1  2  3  4  5  6  7  8 |
---------------+-------------------------+-----
Earth Magic    | 4 5 6 |  6.9
Armour         | 1 2 3 |  3.6
Fighting       | 1 2 3 |  3.6
Dodging        | 2 3 |  3.2
Conjurations   | 1 2 3 4 |  4.9
Stealth        | 3 4 |  4.5
Spellcasting   | 3 4 |  4.7
Transmutations | |  0.7

Action                   |  1- 3 |  4- 6 |  7- 9 || total
-------------------------+-------+-------+-------++-------
Melee: Staff             |     1 |    35 |     7 ||    43
       Dagger            |       |    34 |       ||    34
 Cast: Sandblast         |    57 |    53 |    19 ||   129
       Stone Arrow       |       |    12 |    37 ||    49
Evoke: Wand              |       |       |     7 ||     7
  Use: Scroll            |     8 |     2 |     4 ||    14
       Potion            |       |       |     4 ||     4
Armor: Leather armour    |     2 |    55 |    23 ||    80
Dodge: Dodged            |     7 |    65 |    23 ||    95
